 Dungeon Sprint DCSS version 0.29.1-15-g9cfb28693d (webtiles) character file.

Game seed: 16082065152415245320

8564 coffeetime the Bludgeoner (level 11, -20/114 HPs)
             Began as a Minotaur Fighter on July 6, 2023.
             Was a High Priest of Okawaru.
             Killed from afar by a hell hog (28 damage)
             ... with a fireball
             ... in the Dungeon (Sprint VII: "The Pits").
             The game lasted 00:10:32 (1662 turns).

coffeetime the Bludgeoner (Minotaur Fighter)        Turns: 1662, Time: 00:10:33

Health: -20/114    AC: 25    Str: 27    XL:     11   Next: 11%
Magic:  9/14       EV: 11    Int:  8    God:    Okawaru [*****.]
Gold:   0          SH:  6    Dex: 11    Spells: 10/10 levels left

rFire   . . .      SeeInvis .   n - +1 flail (protect)
rCold   . . .      Faith    .   c - +0 buckler
rNeg    . . .      Spirit   .   t - +4 chain mail
rPois   .          Reflect  .   (helmet restricted)
rElec   .          Harm     .   (no cloak)
rCorr   .          Rampage  .   (no gloves)
Will    .....      NoTele   +   (no boots)
Stlth   ..........              (no amulet)
HPRegen 0.29/turn               p - +3 ring of strength
MPRegen 0.14/turn               r - +3 ring of intelligence

@: under a protective aura
A: horns 2, retaliatory headbutt
a: Renounce Religion, Heroism, Finesse


You were in the Dungeon.
You worshipped Okawaru.
Okawaru was extremely pleased with you.
You visited 1 branch

Inventory:

Hand Weapons
 b - a +2 scimitar of flaming
 n - a +1 flail of protection (weapon)
 v - a +2 dire flail of protection
Missiles
 a - 3 atropa-tipped darts (quivered)
 d - a datura-tipped dart
Armour
 c - a +0 buckler (worn)
 t - a +4 chain mail (worn)
 u - a +3 plate armour
Jewellery
 p - a +3 ring of strength (left hand)
 r - a +3 ring of intelligence (right hand)
Scrolls
 m - 5 scrolls of amnesia
Potions
 e - 6 potions of curing
 g - 3 potions of haste
 h - 4 potions of magic
 i - a potion of berserk rage
 l - 2 potions of invisibility
 q - a potion of brilliance
 s - a potion of resistance


   Skills:
 + Level 16.1 Fighting
 - Level 18.1 Maces & Flails
 + Level 16.8 Armour
 + Level 7.2 Dodging
 - Level 11.0 Shields
 + Level 5.5 Invocations


You had 10 spell levels left.
You didn't know any spells.
Your spell library was empty.

Dungeon Overview and Level Annotations

Branches:
Dungeon (1/1)

Altars:
Ashenzari
Cheibriados
Dithmenos
Elyvilon
Fedhas
Gozag
Hepliaklqana
Kikubaaqudgha
Makhleb
Nemelex Xobeh
Okawaru
Qazlal
Ru
Sif Muna
Trog
Uskayaw
Vehumet
Wu Jian
Xom
Yredelemnul
Zin
The Shining One
Jiyva
Lugonu


Innate Abilities, Weirdness & Mutations

You have a pair of horns on your head.
You reflexively headbutt those who attack you in melee.


Message History

a +0 dagger; a +0 robe; an orc corpse You thump the orc!
You kill the orc!
Okawaru accepts your kill.
There is an open door, spattered with blood here.
Things that are here:
a +0 flail; a +0 leather armour
Items here: ) [ ††.
There is an open door, spattered with blood here.
You start resting.
Your hands slow down.
You start resting.
A hell hog comes into view.
The hell hog squeals angrily.
The hell hog breathes fire at you.
The fireball explodes!
The fireball engulfs you!!
* * * LOW HITPOINT WARNING * * *
The hell hog bites you but does no damage.
You completely miss the hell hog.
You headbutt the hell hog, but do no damage.
The hell hog closely misses you.
You thump the hell hog!
Your weapon exudes an aura of protection.
The hell hog is moderately wounded.
The hell hog breathes fire at you.
The fireball explodes!
The fireball engulfs you!!
* * * LOW HITPOINT WARNING * * *
The fireball engulfs the hell hog.
The hell hog completely resists.
You are too injured to fight recklessly!
You are too injured to fight recklessly!
You are too injured to fight recklessly!
You are too injured to fight recklessly!
You sock the hell hog! You headbutt the hell hog.
The hell hog is moderately wounded.
The hell hog bites you but does no damage.
You hit the hell hog but do no damage. You headbutt the hell hog!
The hell hog is heavily wounded.
The hell hog breathes fire at you.
The fireball explodes!
The fireball engulfs you!!
You die...

##.......##''#########
##.......##....))....# ..#
##.......##.).).)....+ ..
##...<...##))#####...#####'#
##.......##.÷'...#.........
##.......##.÷#...#........#
##.......##..#...#.#####..#
###########..#####.')..#..#
###########....h@..#...)..##'##.
....#...[##......†.#...#).......
....#...[###÷###...#...#........
....'.[))##....)(..#'###...####'
....#..))##...[#...........#
....#...)##....#...........+
############################


You could see a hell hog (catching breath).

Vanquished Creatures
  A hydra (D)
  3 hell hogs (D)
  A spriggan druid (D)
  A lindwurm (D)
  A deep elf zephyrmancer (D)
  A cyclops (D)
  A molten gargoyle (D)
  A cane toad (D)
  A freezing wraith (D)
  An efreet (D)
  5 blink frogs (D)
  A hornet (D)
  2 dream sheep (D)
  A flying skull (D)
  A spriggan (D)
  A small abomination (D)
  A ynoxinul (D)
  3 redbacks (D)
  A vampire mosquito (D)
  2 sky beasts (D)
  An orc warrior (D)
  A centaur (D)
  2 necrophages (D)
  A crimson imp (D)
  An orc priest (D)
  4 orc wizards (D)
  3 gnolls (D)
  An adder (D)
  2 river rats (D)
  2 ufetubi (D)
  An adder zombie (D)
  5 orcs (D)
  A bat (D)
  An endoplasm (D)
  2 hobgoblins (D)
  A kobold (D)
  3 quokkas (D)
  A ball python (D)
  A frilled lizard (D)
64 creatures vanquished.

Notes
Turn   | Place    | Note
-------+----------+-------------------------------------------
     0 | D        | coffeetime the Minotaur Fighter began the quest for the
                  | Orb.
     0 | D        | Reached XP level 1. HP: 19/19 MP: 0/0
    19 | D        | Reached skill level 3 in Maces & Flails
    19 | D        | Reached XP level 2. HP: 13/28 MP: 1/1
    25 | D        | Found a glowing golden altar of the Shining One.
    25 | D        | Found a glowing silver altar of Zin.
    25 | D        | Found a basalt altar of Yredelemnul.
    25 | D        | Found a shimmering altar of Xom.
    25 | D        | Found an ornate altar of the Wu Jian Council.
    25 | D        | Found a bloodstained altar of Trog.
    25 | D        | Found a shimmering blue altar of Sif Muna.
    25 | D        | Found a sacrificial altar of Ru.
    25 | D        | Found a stormy altar of Qazlal.
    25 | D        | Found an iron altar of Okawaru.
    25 | D        | Found a sparkling altar of Nemelex Xobeh.
    25 | D        | Found a burning altar of Makhleb.
    25 | D        | Found a viscous altar of Jiyva.
    25 | D        | Found a hazy altar of Hepliaklqana.
    25 | D        | Found an opulent altar of Gozag.
    25 | D        | Found a blossoming altar of Fedhas.
    25 | D        | Found a white marble altar of Elyvilon.
    25 | D        | Found a shadowy altar of Dithmenos.
    25 | D        | Found a snail-covered altar of Cheibriados.
    26 | D        | Found a radiant altar of Vehumet.
    26 | D        | Found a corrupted altar of Lugonu.
    27 | D        | Found a hide-covered altar of Uskayaw.
    27 | D        | Found an ancient bone altar of Kikubaaqudgha.
    27 | D        | Found a broken altar of Ashenzari.
    31 | D        | Became a worshipper of Warmaster Okawaru
   213 | D        | Reached skill level 1 in Dodging
   227 | D        | Reached skill level 5 in Fighting
   238 | D        | Reached skill level 5 in Armour
   241 | D        | Reached skill level 5 in Shields
   241 | D        | Reached XP level 3. HP: 36/36 MP: 2/2
   242 | D        | Reached skill level 4 in Maces & Flails
   302 | D        | Noticed a sky beast
   302 | D        | Noticed a flying skull
   331 | D        | Killed a sky beast
   331 | D        | Reached * piety under Okawaru
   332 | D        | Reached skill level 6 in Maces & Flails
   332 | D        | Reached XP level 4. HP: 13/45 MP: 3/3
   336 | D        | Reached XP level 5. HP: 16/52 MP: 4/4
   340 | D        | Reached skill level 7 in Maces & Flails
   351 | D        | Killed a flying skull
   351 | D        | Reached ** piety under Okawaru
   352 | D        | Reached skill level 9 in Maces & Flails
   352 | D        | Reached XP level 6. HP: 32/61 MP: 5/5
   361 | D        | Reached skill level 10 in Maces & Flails
   387 | D        | Noticed a vampire mosquito
   389 | D        | Killed a vampire mosquito
   390 | D        | Reached skill level 11 in Maces & Flails
   390 | D        | Reached XP level 7. HP: 44/69 MP: 6/6
   405 | D        | Reached skill level 12 in Maces & Flails
   545 | D        | Noticed a molten gargoyle
   545 | D        | Noticed a small abomination
   552 | D        | Killed a small abomination
   552 | D        | Reached *** piety under Okawaru
   553 | D        | Reached skill level 13 in Maces & Flails
   553 | D        | Reached skill level 10 in Armour
   557 | D        | Killed a molten gargoyle
   558 | D        | Reached skill level 10 in Fighting
   558 | D        | Reached skill level 14 in Maces & Flails
   558 | D        | Reached XP level 8. HP: 79/79 MP: 4/7
   773 | D        | Noticed a lindwurm
   783 | D        | Killed a lindwurm
   784 | D        | Reached skill level 15 in Maces & Flails
   784 | D        | Reached skill level 1 in Invocations
   785 | D        | Reached **** piety under Okawaru
   793 | D        | Reached skill level 16 in Maces & Flails
   793 | D        | Reached XP level 9. HP: 25/86 MP: 6/8
  1053 | D        | Reached skill level 10 in Shields
  1079 | D        | Noticed a spriggan druid
  1086 | D        | Reached skill level 17 in Maces & Flails
  1087 | D        | Noticed an eight-headed hydra
  1100 | D        | Killed a spriggan druid
  1100 | D        | Received a gift from Okawaru
  1100 | D        | Reached ***** piety under Okawaru
  1101 | D        | Reached skill level 5 in Dodging
  1104 | D        | Killed an eight-headed hydra
  1105 | D        | Reached XP level 10. HP: 47/100 MP: 8/10
  1389 | D        | Reached skill level 18 in Maces & Flails
  1537 | D        | Noticed a cyclops
  1539 | D        | Noticed a deep elf zephyrmancer
  1540 | D        | Noticed a cane toad
  1552 | D        | Killed a cane toad
  1552 | D        | Received a gift from Okawaru
  1563 | D        | Killed a deep elf zephyrmancer
  1563 | D        | Identified the +3 scale mail of the Greedy {MP+9} (Okawaru
                  | gifted it to you in the Dungeon)
  1563 | D        | Received a gift from Okawaru
  1564 | D        | Reached skill level 15 in Armour
  1568 | D        | Killed a cyclops
  1586 | D        | Noticed a hell hog
  1587 | D        | Noticed a hell hog
  1588 | D        | Noticed a hell hog
  1600 | D        | Reached skill level 15 in Fighting
  1603 | D        | Killed a hell hog
  1608 | D        | Killed a hell hog
  1609 | D        | Reached skill level 5 in Invocations
  1609 | D        | Reached XP level 11. HP: 21/114 MP: 2/13
  1615 | D        | Killed a hell hog
  1655 | D        | Noticed a hell hog
  1662 | D        | Killed from afar by a hell hog

Illustrated notes

Levels and vault maps discovered:
D:        pitsprint [storerooms_1, entrance_room_1, metal_vault_8, armoury_2,
          mini_pit_1, grid_room_1, main_hall_1, silver_pit, the_coven_3,
          the_vestibule_1, steel_vault_2, golden_pit, hallway_of_sentries,
          crystal_vault_5, iron_vault_2, final_vault]

Skill      XL: |  1  2  3  4  5  6  7  8  9 10 11 |
---------------+----------------------------------+-----
Fighting       | 4 5 6 7 8 10 12 15 16 | 16.1
Maces & Flails | 3 6 9 11 14 16 17 18 | 18.1
Armour         | 4 5 6 7 8 9 10 11 13 16 | 16.8
Shields        | 4 5 6 7 8 9 10 11 | 11.0
Dodging        | 1 2 3 4 5 7 |  7.2
Invocations    | 1 2 5 |  5.5

Action                   |  1- 3 |  4- 6 |  7- 9 | 10-12 || total
-------------------------+-------+-------+-------+-------++-------
Melee: Flail             |    28 |    29 |    91 |    70 ||   218
       Mace              |    14 |       |       |       ||    14
       Headbutt          |     4 |     5 |    19 |    23 ||    51
Invok: Heroism           |       |       |     4 |     2 ||     6
       Finesse           |       |       |       |     2 ||     2
  Use: Potion            |       |     2 |     8 |     3 ||    13
       Scroll            |       |       |     1 |       ||     1
Armor: Scale mail        |     6 |       |       |       ||     6
       Chain mail        |    18 |    13 |    60 |    30 ||   121
Dodge: Dodged            |    18 |     9 |    47 |    30 ||   104
Block: Buckler           |     4 |    10 |    25 |    11 ||    50
